 Dungeon Crawl Stone Soup version 0.32-a0-913-g739538afd8 (webtiles) character file.

Game seed: 4396182891774876704

4605 Bokken the Zephyrmancer (level 10, 0/50 (53) HPs)
             Began as a Tengu Air Elementalist on Apr 8, 2024.
             Was a Believer of Vehumet.
             Killed by their own static electricity (2 damage)
             ... on level 8 of the Dungeon.
             The game lasted 00:18:01 (9310 turns).

Bokken the Zephyrmancer (Tengu Air Elementalist)    Turns: 9310, Time: 00:18:02

HP:   0/50 (53)     AC: -6    Str:  8    XL:     10   Next: 42%
MP:   15/24         EV: 16    Int: 20    God:    Vehumet [**....]
Gold: 253           SH:  0    Dex: 15    Spells: 8/27 levels left

rFire   + . .        t - +2 whip (holy)
rCold   . . .        (no shield)
rNeg    . . .        a - +0 robe
rPois   .            (helmet restricted)
rElec   .            (no cloak)
rCorr   .            (no gloves)
SInv    .            (boots unavailable)
Will    .....        (no amulet)
Stlth   ++           r - ring of wizardry
HPRegen 0.28/turn    w - ring of protection from fire
MPRegen 0.19/turn

%: acrobat, wizardry (x1)
@: corroded, flying, drained
A: beak, talons 3, evasive flight, acrobatic
a: Renounce Religion


You were on level 8 of the Dungeon.
You worshipped Vehumet.
Vehumet was pleased with you.
You visited 2 branches of the dungeon, and saw 9 of its levels.

You collected 253 gold pieces.

Inventory:

Hand Weapons
 p - a +0 whip
 q - a +0 quarterstaff
 t - a +2 whip of holy wrath (weapon)
Armour
 a - a +0 robe (worn)
Jewellery
 r - a ring of wizardry (left hand)
 w - a ring of protection from fire (right hand)
 y - a ring of protection from fire
Wands
 b - a wand of polymorph (24)
 k - a wand of warping (20)
Scrolls
 c - a scroll of amnesia {unknown}
 e - 2 scrolls of blinking {unknown}
 f - 3 scrolls of teleportation {unknown}
 g - 9 scrolls of identify {unknown}
 h - a scroll of enchant armour {unknown}
 j - 3 scrolls of revelation {unknown}
 v - a scroll of fog {unknown}
Potions
 d - 2 potions of resistance
 i - 3 potions of brilliance
 l - 2 potions of haste
 m - 5 potions of curing {unknown}
 n - 2 potions of might {unknown}
 o - a potion of invisibility {unknown}
 s - 3 potions of degeneration {unknown}
 u - a potion of lignification {unknown}
 x - a potion of enlightenment {unknown}
 z - a potion of attraction {unknown}
 A - a potion of experience {unknown}


   Skills:
 + Level 2.0 Fighting
 + Level 3.0 Dodging
 + Level 3.5 Stealth
 + Level 9.1 Spellcasting
 + Level 7.3 Conjurations
 + Level 0.5 Ice Magic
 + Level 12.3 Air Magic
 + Level 0.7 Alchemy


You had 8 spell levels left.
You knew the following spells:

 Your Spells              Type           Power      Damage    Failure   Level
a - Shock                 Conj/Air       100%       1d9       1%          1
b - Static Discharge      Conj/Air       96%        3-7/arc   1%          2
c - Airstrike             Air            27%        2d(4-20)  1%          4
d - Arcjolt               Conj/Air       24%        1d34      1%          5
e - Sting                 Conj/Alch      100%       1d9       1%          1
f - Hailstorm             Conj/Ice       24%        3d7       1%          3
g - Frozen Ramparts       Ice            22%        1d4       8%          3

Your spell library contained the following spells:

 Spells                   Type           Power      Damage    Failure   Level
 Scorch                   Fire           18%        2d5       4%          2
 Momentum Strike          Conj/Tloc      46%        3d9       1%          2
 Swiftness                Air            55%        N/A       1%          3
 Freeze                   Ice            44%        1d6       2%          1
 Blink                    Tloc           18%        N/A       4%          2
 Call Imp                 Summ           18%        N/A       4%          2
 Lesser Beckoning         Tloc           18%        N/A       4%          2
 Sublimation of Blood     Necr           9%         N/A       4%          2
 Maxwell's Portable Pile  Tloc           9%         2d(6-16)  9%          3
 Maxwell's Capacitive Co  Air            27%        ∞         75%         8
 Summon Hydra             Summ           4%         N/A       100%        7


Dungeon Overview and Level Annotations

Branches:
Dungeon (8/15)             Temple (1/1) D:6
   Lair: D:8-11

Altars:
Ashenzari
Cheibriados
Dithmenos
Elyvilon
Fedhas
Gozag
Hepliaklqana
Kikubaaqudgha
Nemelex Xobeh
Okawaru
Qazlal
Ru
Sif Muna
Trog
Uskayaw
Vehumet
Wu Jian
Xom
Yredelemnul
Zin
The Shining One


Innate Abilities, Weirdness & Mutations

You have a beak for a mouth.
You have claws for feet.
Your magical flight helps you evade attacks. (EV +4)
You can magically evade attacks while moving or waiting.


Message History

You kill the jelly!
Vehumet accepts your kill.
You are struck by an arc of lightning.
The lightning grounds out.
The wight misses you.
Casting: Static Discharge (safe; 1% risk of failure)
Confirm with . or Enter, or press ? or * to list all spells.
The wight is struck by an arc of lightning.
The wight is severely damaged.
You are struck by an arc of lightning.
The lightning grounds out.
The wight closely misses you.
Casting: Static Discharge (safe; 1% risk of failure)
Confirm with . or Enter, or press ? or * to list all spells.
Okay, then.
The wight hits you with a +3 dagger!
You hit the wight but do no damage. Your kick misses the wight.
You peck the wight, but do no damage.
The wight is severely damaged.
The wight misses you.
You hit the wight but do no damage. Your kick misses the wight.
Your peck misses the wight.
The wight is severely damaged.
The wight closely misses you.
You hit the wight but do no damage.
The wight is severely damaged.
The wight hits you with a +3 dagger!
* * * LOW HITPOINT WARNING * * *
You feel drained.
An orc comes into view. It is wielding a +0 dagger.
The wight hits you with a +3 dagger.
* * * LOW HITPOINT WARNING * * *
You feel drained.
* * * LOW HITPOINT WARNING * * *
Casting: Static Discharge (safe; 1% risk of failure)
Confirm with . or Enter, or press ? or * to list all spells.
The wight is struck by an arc of lightning!
You destroy the wight!
Vehumet accepts your kill. Vehumet offers you knowledge of Scorch.
You are struck by an arc of lightning.
You die...

....# ... ....
....+ .. ...#
# .[..#
...##.. ....#
# ..... ....#
#. ...# ....#
#.. ##...#
.†..+ #...
#<)..# †...#
#....#)...##..
.†..#
#....$@.......
....#
#....#...[.>..
....#
#.>..#........
....# #...
##...##..
....# ####
...# . ....#
...# ....#
...' ....#
..o#.


You could see an orc (wandering).

Vanquished Creatures
  Maurice (D:7)
  Prince Ribbit (D:5)
  3 yaks (D:8)
  Eustachio (D:4)
  Menkaure (D:5)
  A steam dragon (D:7)
  An orc warrior (D:6)
  A sky beast (D:7)
  2 ice beasts
  2 black bears
  An ogre (D:6)
  2 centaurs
  A phantom (D:4)
  3 kobold brigands
  5 bullfrogs
  5 scorpions
  17 wights
  A howler monkey (D:4)
  A bombardier beetle (D:6)
  4 hounds
  3 jellies
  2 orc priests (D:7)
  An iguana (D:5)
  Ijyb (D:4)
  3 orc wizards
  7 gnolls
  11 adders
  3 white imps
  4 ufetubi
  2 dart slugs
  A ribbon worm (D:5)
  13 orcs
  2 bats
  4 endoplasms
  3 giant cockroaches
  10 goblins
  5 hobgoblins
  9 jackals
  A quokka (D:2)
  A ball python (D:2)
  3 frilled lizards
  12 kobolds
  2 rats
157 creatures vanquished.

Notes
Turn   | Place    | Note
-------+----------+-------------------------------------------
     0 | D:1      | Bokken the Tengu Air Elementalist began the quest for the
                  | Orb.
     0 | D:1      | Reached XP level 1. HP: 10/10 MP: 4/4
   305 | D:1      | Reached XP level 2. HP: 9/15 MP: 0/6
   308 | D:1      | Learned a level 2 spell: Static Discharge
  1209 | D:2      | Reached XP level 3. HP: 19/19 MP: 4/7
  2046 | D:2      | Reached XP level 4. HP: 22/24 MP: 1/8
  2059 | D:2      | Learned a level 4 spell: Airstrike
  2518 | D:3      | Found a faded altar of an unknown god.
  2556 | D:3      | Reached skill level 5 in Air Magic
  3389 | D:3      | Identified the +7 whip "Ogrebane" {flame, rElec Str+6 Int-3
                  | SInv}
  3648 | D:4      | Reached XP level 5. HP: 28/28 MP: 2/10
  4124 | D:4      | Noticed a phantom
  4135 | D:4      | Killed a phantom
  4136 | D:4      | Reached XP level 6. HP: 19/32 MP: 0/12
  4291 | D:4      | Noticed Ijyb
  4295 | D:4      | Killed Ijyb
  4365 | D:4      | Noticed Eustachio
  4373 | D:4      | Killed Eustachio
  4374 | D:4      | Reached skill level 6 in Air Magic
  4374 | D:4      | Gained mutation: Your magical flight helps you evade
                  | attacks. (EV +4) [Tengu growth]
  4374 | D:4      | Reached XP level 7. HP: 36/36 MP: 1/14
  4845 | D:5      | Entered Level 5 of the Dungeon
  4999 | D:5      | Reached skill level 7 in Air Magic
  5078 | D:5      | Noticed Menkaure
  5080 | D:5      | Killed Menkaure
  5081 | D:5      | Reached skill level 5 in Spellcasting
  5081 | D:5      | Reached skill level 5 in Conjurations
  5434 | D:5      | Reached XP level 8. HP: 42/42 MP: 10/17
  5568 | D:5      | Learned a level 5 spell: Arcjolt
  5731 | D:5      | Noticed Prince Ribbit
  5737 | D:5      | Killed Prince Ribbit
  5738 | D:5      | Reached skill level 8 in Air Magic
  6465 | D:6      | Reached skill level 9 in Air Magic
  6624 | D:6      | Found a staircase to the Ecumenical Temple.
  6632 | D:6      | Reached XP level 9. HP: 40/46 MP: 12/20
  6645 | Temple   | Entered the Ecumenical Temple
  6686 | Temple   | Became a worshipper of Vehumet
  6857 | D:6      | Reached skill level 10 in Air Magic
  7515 | D:7      | Found an iron altar of Okawaru.
  7716 | D:7      | Reached skill level 11 in Air Magic
  7719 | D:7      | Reached * piety under Vehumet
  7719 | D:7      | Offered knowledge of Sting by Vehumet.
  7734 | D:7      | Learned a level 1 spell: Sting
  7904 | D:7      | Learned a level 3 spell: Hailstorm
  7908 | D:7      | Learned a level 3 spell: Frozen Ramparts
  8175 | D:7      | Noticed Maurice
  8177 | D:7      | Maurice stole a ring of protection from fire
  8179 | D:7      | Maurice stole a +0 quarterstaff
  8180 | D:7      | Maurice stole 236 gold
  8181 | D:7      | Killed Maurice
  8182 | D:7      | Reached skill level 1 in Fighting
  8182 | D:7      | Reached XP level 10. HP: 22/52 MP: 2/23
  8342 | D:7      | Reached skill level 12 in Air Magic
  8526 | D:7      | You are sucked into a shaft and drop 1 floor!
  9309 | D:8      | HP: 2/50 [wight/+3 dagger (1)]
  9310 | D:8      | Reached ** piety under Vehumet
  9310 | D:8      | Offered knowledge of Scorch by Vehumet.
  9310 | D:8      | Killed from afar by themself

Illustrated notes

Levels and vault maps discovered:
D:1:      ldierk_walled_garden_2, layout_basic
D:2:      layout_basic, minmay_tetromino_s2
D:3:      layout_basic, ebering_ecumenical_altar_sacrificial
D:4:      layout_cave_pools, serial_column_ruins, column_ruins_square_large,
          column_ruins_square_large, column_ruins_open_tiny,
          column_ruins_columns_straight, column_ruins_open_tiny,
          column_ruins_grid_4, uniq_eustachio, uniq_ijyb
D:5:      layout_basic, uniq_menkaure, uniq_prince_ribbit1
D:6:      layout_rooms, minmay_temple_entry_gardened_gates,
          kennysheep_another_room
D:7:      layout_loops_ring, okawaru_gym_becter, uniq_maurice
D:8:      layout_gridville, overflow_temple_1_default
Temple:   mainiacjoe_temple_big_plus

Skill      XL: |  1  2  3  4  5  6  7  8  9 10 |
---------------+-------------------------------+-----
Conjurations   | 3 4 5 6 7 |  7.3
Air Magic      | 5 6 7 9 11 12 | 12.3
Spellcasting   | 3 4 5 6 8 9 |  9.1
Stealth        | 3 |  3.5
Fighting       | 1 2 |  2.0
Dodging        | 3 |  3.0
Ice Magic      | |  0.5
Alchemy        | |  0.7

Action                     |  1- 3 |  4- 6 |  7- 9 | 10-12 || total
---------------------------+-------+-------+-------+-------++-------
  Melee: Unarmed           |     3 |       |       |       ||     3
         Peck              |     1 |       |     1 |     5 ||     7
         Whip              |       |     1 |     4 |    23 ||    28
         Kick              |       |     1 |     3 |     8 ||    12
         Quarterstaff      |       |       |     4 |       ||     4
   Cast: Shock             |    64 |    57 |    59 |     6 ||   186
         Static Discharge  |     8 |    15 |    35 |    25 ||    83
         Airstrike         |       |     5 |    45 |     8 ||    58
         Arcjolt           |       |       |     3 |     4 ||     7
         Hailstorm         |       |       |     3 |     3 ||     6
         Sting             |       |       |     2 |       ||     2
  Evoke: Wand              |       |       |       |     1 ||     1
    Use: Potion            |       |     1 |       |     3 ||     4
 Armour: Robe              |    23 |    24 |    64 |    45 ||   156
  Dodge: Dodged            |    19 |    25 |    48 |    60 ||   152

Table legend: (Time is in decaauts)
 A = Elapsed time spent in this place.
 B = Non-inter-level travel time spent in this place.
 C = Inter-level travel time spent in this place.
 D = Time resting spent in this place.
 E = Time spent auto-exploring this place.
 F = Levels seen in this place.
 G = Mean time per level.
                   A        B        C        D        E       F      G
               +--------+--------+--------+--------+--------+-----+--------+
         Total |   9298 |   8971 |    327 |   2270 |   5179 |   9 | 1033.1 |
       Dungeon |   9218 |   8955 |    263 |   2270 |   5179 |   8 | 1152.2 |
        Temple |     79 |     15 |     64 |      0 |      0 |   1 |   79.0 |
               +--------+--------+--------+--------+--------+-----+--------+

Top non-repeatable levels by time:
     D:7: 1573 daAuts
     D:5: 1479 daAuts
     D:3: 1309 daAuts
     D:2: 1239 daAuts
     D:4: 1185 daAuts
     D:1: 1110 daAuts
     D:6: 1073 daAuts
     D:8: 247 daAuts
  Temple: 79 daAuts
